 Dungeon Crawl Stone Soup version bcrawl-1.23.3-19-gdc5968f444 (webtiles) character file.

Game seed: 7335965985733319369

15333 Freyura the Basher (level 12, -8/97 HPs)
             Began as a Demonspawn Fighter on June 7, 2020.
             Was a High Priest of Ru.
             Splashed by an oklob plant's acid (15 damage)
             ... on level 2 of the Lair of Beasts.
             The game lasted 00:39:41 (10210 turns).

Freyura the Basher (Demonspawn Fighter)            Turns: 10210, Time: 00:39:42

Health: -8/97      AC:  0    Str: 21    XL:     12   Next: 0%
Magic:  12/12      EV: 14    Int: 10    God:    Ru [*****.]
Gold:   903        SH:  0    Dex: 18    Spells: 11/11 levels left

rFire    . . .     SeeInvis .   v - +5 dire flail (freeze)
rCold    . . .     Gourm    .   (shield currently unavailable)
rNeg     . . .     Faith    .   z - +2 robe "Liucu" {Str+3}
rPois    .         Spirit   .   (helmet unavailable)
rElec    +         Reflect  .   (no cloak)
rCorr    .         Harm     .   (no gloves)
MR       .....                  (no boots)
Stlth    ..........             (no amulet)
HPRegen  0.26/turn              y - ring of insulation
MPRegen  0.13/turn              i - +3 ring of evasion

@: corroded, very slightly contaminated
A: horns 3, thin skeletal structure 1, spiny 3, wild magic 1, no stealth, hated
by all, inability to train dodging, inability to train armour, no poison magic,
no summoning magic, no transmutations magic
a: Draw Out Power, Power Leap, Apocalypse, Renounce Religion


You were on level 2 of the Lair of Beasts.
You worshipped Ru.
Ru was extremely pleased with you.
You were hungry.

You visited 2 branches of the dungeon, and saw 12 of its levels.

You collected 1103 gold pieces.
You spent 200 gold pieces at shops.

Inventory:

Hand Weapons
 a - a +1 flail
 k - a +0 whip of flaming
 s - a +0 morningstar
 v - a +5 dire flail of freezing (weapon)
 x - the +5 dagger "Earthworm" {venom, +Rage rF+ rN+ MP+9}
   (You found it on level 7 of the Dungeon)

   It poisons the flesh of those it strikes.
   It protects you from fire.
   It protects you from negative energy.
   It affects your magic capacity (+9).
   It lets you go berserk.
Missiles
 o - 4 throwing nets (quivered) {!f}
Armour
 b - a +0 scale mail
 c - a +1 medium shield
 g - a +0 ring mail
 z - the +2 robe "Liucu" (worn) {Str+3}
   (You found it on level 10 of the Dungeon)

   It affects your strength (+3).
 F - the +1 chain mail of Nuaf {+Fly Regen+ Str+4}
   (You found it on level 7 of the Dungeon)

   It affects your strength (+4).
   It lets you fly.
   It increases your rate of regeneration.
Jewellery
 i - a +3 ring of evasion (right hand)
 m - an uncursed ring of positive energy
 y - a ring of insulation (left hand)
 G - an uncursed ring of ice
Wands
 q - a wand of digging (10)
 w - a wand of disintegration (11)
 A - a wand of scattershot (4)
 B - a wand of polymorph (10)
Scrolls
 d - a scroll of remove curse
 f - 3 scrolls of identify
 j - 4 scrolls of teleportation
 l - 2 scrolls of immolation
 C - a scroll of magic mapping
Potions
 h - 5 potions of curing
 n - a potion of berserk rage
 p - 2 potions of magic
 r - 3 potions of heal wounds
 u - a potion of resistance
 E - 2 potions of haste
 I - a potion of agility
Comestibles
 e - 30 rations {!d}


   Skills:
 + Level 9.8 Fighting
 * Level 11.9 Maces & Flails
   Level 0.0 Armour
   Level 0.0 Dodging
 - Level 7.0 Shields


You had 11 spell levels left.
You didn't know any spells.
Your spell library contained the following spells:

 Spells                   Type           Power        Failure   Level  Hunger
 Magic Dart               Conj           #...         45%         1    ##.....
 Blink                    Tloc           N/A          58%         2    ###....
 Confuse                  Hex            #.......     82%         3    ####...
 Conjure Flame            Conj/Fire      #.......     82%         3    ####...
 Dazzling Spray           Conj/Hex       #.....       82%         3    ####...
 Metabolic Englaciation   Hex/Ice        #.........   100%        5    ######.
 Freezing Cloud           Ice/Air        #.........   100%        6    #######
 Steam Barrier            Chrm/Fire      #.........   100%        6    #######
 Mana Rupture             Conj/Hex       #.........   100%        7    #######
 Call Imp                 Summ           Unusable     N/A         2    N/A
 Poisonous Vapours        Pois/Air       Unusable     N/A         2    N/A
 Mephitic Cloud           Conj/Pois/Air  Unusable     N/A         3    N/A
 Spider Form              Tmut/Pois      Unusable     N/A         3    N/A
 Petrify                  Tmut/Erth      Unusable     N/A         4    N/A
 Yara's Violent Unravell  Hex/Tmut       Unusable     N/A         4    N/A

Dungeon Overview and Level Annotations

Branches:
Dungeon (10/12)            Temple (0/1) D:5            Lair (2/6) D:7
  Swamp (0/3) Lair:2          Orc (0/1) D:8
  Snake: Lair:2-4    Spider: Lair:2-4

Altars:
Ashenzari
Gozag
Makhleb
Nemelex Xobeh
Okawaru
Qazlal
Ru
Uskayaw
Wu Jian

Shops:
D:6 [*?((

Annotations:
Lair:2 exclusion: 2 oklob plants


Innate Abilities, Weirdness & Mutations

You have a pair of large horns on your head.
You have a somewhat thin skeletal structure. (Dex +2, Stealth)
You are completely covered in sharp spines.
You cannot be stealthy.
You are hated by all.
You cannot train Dodging skill.
You cannot train Armour skill.
You cannot study or cast Poison magic.
You cannot study or cast Summoning magic.
You cannot study or cast Transmutations magic.
Your spells are a little harder to cast, but a little more powerful.


Message History

As you read the scroll of blinking, it crumbles to dust.
The oklob plant spits acid at you. The splash of acid misses you.
You thump the oklob plant! You freeze the oklob plant.
You headbutt the oklob plant!!
The oklob plant is heavily damaged.
The oklob plant spits acid at you. The splash of acid hits you!
The acid corrodes you!
You are splashed with acid!
The oklob plant spits acid at you. The splash of acid hits you!!
You are splashed with acid!
* * * LOW HITPOINT WARNING * * *
You focus your will and slow the oklob plant in retribution!
You puncture the oklob plant! You freeze the oklob plant.
You headbutt the oklob plant, but do no damage.
The oklob plant is severely damaged.
The oklob plant spits acid at you. The splash of acid hits you!
* * * LOW HITPOINT WARNING * * *
You are splashed with acid!
You die...

#.#...P...P#
..........##
..........#
..........#
..........#
.##P.P..ยง#####
####.....$.#
#...P$.P#
#P...P[P@#
#....#####
..#... ...#...
........


You could see 2 oklob plants.

Vanquished Creatures
  A hydra (Lair:2)
  A two-headed ogre (D:9)
  A centaur warrior (D:10)
  A cyclops (D:9)
  Pikel (D:5)
  A wolf spider zombie (D:7)
  A deep elf mage (D:10)
  A centaur zombie (D:10)
  3 cane toads
  A rime drake (Lair:2)
  2 centaur skeletons
  A polar bear (Lair:2)
  A merfolk (D:9)
  4 trolls
  4 blink frogs (Lair:2)
  3 hippogriffs
  A shadow (D:10)
  2 yaks
  3 hungry ghosts
  A basilisk (Lair:1)
  2 wyverns
  Edmund (D:5)
  A soldier ant (D:10)
  6 crocodiles
  2 water moccasins
  4 porcupines
  Duvessa (D:5)
  A sky beast (D:8)
  An ice beast (D:6)
  2 orc warriors
  4 ogres
  3 phantoms
  5 wolves (Lair:2)
  4 centaurs
  8 bullfrogs
  2 big kobolds
  Dowan (D:5)
  2 scorpions
  12 wights
  A howler monkey (D:4)
  3 crimson imps
  A quasit (D:8)
  A bullfrog zombie (D:5)
  8 orc wizards
  10 orc priests
  3 bullfrog skeletons
  A hound (D:9)
  A jelly (D:10)
  2 iguanas
  6 worker ants
  A hound zombie (D:7)
  2 hound skeletons (D:7)
  A howler monkey skeleton (D:4)
  3 gnolls (D:9)
  5 adders
  3 shadow imps
  2 oozes
  An adder skeleton (D:6)
  5 worms
  A dart slug (D:2)
  6 leopard geckos
  38 orcs
  5 bats
  3 giant cockroaches (D:2)
  10 goblins
  8 hobgoblins
  5 jackals
  32 kobolds
  4 ball pythons (D:1)
  4 frilled lizards
  A quokka skeleton (D:3)
  4 rats
  3 plants (D:7)
280 creatures vanquished.

Vanquished Creatures (others)
  A bullfrog (Lair:2)
  A fungus (Lair:2)
  3 plants
5 creatures vanquished.

Grand Total: 285 creatures vanquished

Notes
Turn   | Place    | Note
-------+----------+-------------------------------------------
     0 | D:1      | Freyura the Demonspawn Fighter began the quest for the Orb.
     0 | D:1      | Reached XP level 1. HP: 18/18 MP: 1/1
   132 | D:1      | Reached skill level 2 in Maces & Flails
   214 | D:1      | Gained mutation: You have a pair of small horns on your
                  | head. [demonic ancestry]
   214 | D:1      | Reached XP level 2. HP: 23/24 MP: 2/2
   888 | D:2      | Reached XP level 3. HP: 26/29 MP: 3/3
   924 | D:2      | Found a sacrificial altar of Ru.
   949 | D:2      | Became a worshipper of Ru the Awakened
  1370 | D:2      | Reached skill level 1 in Dodging
  1548 | D:2      | Reached XP level 4. HP: 35/35 MP: 4/4
  1762 | D:3      | Gained mutation: Your body sometimes deteriorates upon
                  | taking damage. [potion of mutation]
  1762 | D:3      | Gained mutation: You are agile. (Dex +2) [potion of
                  | mutation]
  1896 | D:3      | Found an iron altar of Okawaru.
  2031 | D:3      | Found a stormy altar of Qazlal.
  2065 | D:3      | Noticed an ogre
  2071 | D:3      | Killed an ogre
  2071 | D:3      | Reached skill level 3 in Maces & Flails
  2071 | D:3      | Gained mutation: You have a somewhat thin skeletal
                  | structure. (Dex +2, Stealth) [demonic ancestry]
  2071 | D:3      | Reached XP level 5. HP: 12/42 MP: 5/5
  2315 | D:3      | Gained mutation: You cannot study or cast Poison magic. [Ru
                  | sacrifice]
  2315 | D:3      | Gained mutation: You cannot study or cast Transmutations
                  | magic. [Ru sacrifice]
  2315 | D:3      | Gained mutation: You cannot study or cast Summoning magic.
                  | [Ru sacrifice]
  2315 | D:3      | Reached * piety under Ru
  2641 | D:4      | Noticed a phantom
  2664 | D:4      | Reached XP level 6. HP: 8/48 MP: 6/6
  2922 | D:4      | Noticed a troll
  2932 | D:4      | Reached skill level 4 in Maces & Flails
  2938 | D:4      | Killed a troll
  2938 | D:4      | Reached XP level 7. HP: 23/55 MP: 7/7
  3078 | D:4      | Found an opulent altar of Gozag.
  3427 | D:5      | Entered Level 5 of the Dungeon
  3485 | D:5      | Noticed Duvessa
  3488 | D:5      | Noticed Dowan
  3499 | D:5      | Killed Duvessa
  3505 | D:5      | Killed Dowan
  3685 | D:5      | Noticed Pikel
  3699 | D:5      | Killed Pikel
  3699 | D:5      | Reached skill level 5 in Fighting
  3699 | D:5      | Reached skill level 5 in Maces & Flails
  3699 | D:5      | Gained mutation: You are partially covered in sharp spines.
                  | [demonic ancestry]
  3699 | D:5      | Reached XP level 8. HP: 20/62 MP: 8/8
  4010 | D:5      | Found a staircase to the Ecumenical Temple.
  4060 | D:5      | Noticed Edmund
  4081 | D:5      | Killed Edmund
  4081 | D:5      | Reached skill level 6 in Maces & Flails
  4224 | D:5      | Found a burning altar of Makhleb.
  4226 | D:5      | Noticed a green death
  4268 | D:5      | Reached skill level 5 in Shields
  4372 | D:5      | Noticed a hellwing
  4372 | D:5      | Noticed a hellwing
  4585 | D:6      | Found Geen's Antique Weapon Shoppe.
  4589 | D:6      | Reached skill level 5 in Armour
  4713 | D:6      | Found Wazaibuser's Weapon Emporium.
  4752 | D:6      | Gained mutation: You are mostly covered in sharp spines.
                  | [demonic ancestry]
  4752 | D:6      | Reached XP level 9. HP: 24/68 MP: 9/9
  4761 | D:6      | Gained mutation: You cannot train Dodging skill. [Ru
                  | sacrifice]
  4761 | D:6      | Reached ** piety under Ru
  4971 | D:6      | Found a shattered altar of Ashenzari.
  5175 | D:6      | Reached skill level 7 in Maces & Flails
  5365 | D:6      | Found Buhiet's Magic Scroll Boutique.
  5395 | D:6      | Bought a scroll of brand weapon for 200 gold pieces
  5397 | D:6      | Found Jugach's Armour Emporium.
  5412 | D:6      | Found Verhatoe's General Store.
  5457 | D:6      | Found an ornate altar of the Wu Jian Council.
  5964 | D:7      | Got a warped dagger
  5969 | D:7      | Identified the +5 dagger "Earthworm" {venom, +Rage rF+ rN+
                  | MP+9} (You found it on level 7 of the Dungeon)
  5979 | D:7      | Reached skill level 8 in Maces & Flails
  5988 | D:7      | Gained mutation: You have a pair of horns on your head.
                  | [demonic ancestry]
  5988 | D:7      | Reached XP level 10. HP: 35/77 MP: 10/10
  6337 | D:7      | Got a faintly humming chain mail
  6351 | D:7      | Identified the +1 chain mail of Nuaf {+Fly Regen+ Str+4}
                  | (You found it on level 7 of the Dungeon)
  6484 | D:7      | Found a staircase to the Lair.
  6747 | D:8      | Found a staircase to the Orcish Mines.
  6784 | D:8      | Gained mutation: You cannot be stealthy. [Ru sacrifice]
  6784 | D:8      | Reached *** piety under Ru
  6898 | D:8      | Reached skill level 9 in Maces & Flails
  7270 | D:9      | Noticed a two-headed ogre
  7276 | D:9      | Killed a two-headed ogre
  7368 | D:9      | Noticed a cyclops
  7377 | D:9      | Killed a cyclops
  7469 | D:9      | Found a hide-covered altar of Uskayaw.
  7767 | D:9      | Gained mutation: You are completely covered in sharp
                  | spines. [demonic ancestry]
  7767 | D:9      | Reached XP level 11. HP: 62/86 MP: 11/11
  8002 | D:9      | Found a sparkling altar of Nemelex Xobeh.
  8049 | D:10     | Entered Level 10 of the Dungeon
  8057 | D:10     | Noticed a deep elf mage
  8084 | D:10     | Killed a deep elf mage
  8084 | D:10     | Reached skill level 10 in Maces & Flails
  8126 | D:10     | Got a heavy robe
  8296 | D:10     | Noticed a centaur warrior
  8301 | D:10     | Killed a centaur warrior
  8380 | D:10     | Gained mutation: You cannot train Armour skill. [Ru
                  | sacrifice]
  8380 | D:10     | Reached **** piety under Ru
  8380 | D:10     | Reached ***** piety under Ru
  8391 | D:10     | Identified the +2 robe "Liucu" {Str+3} (You found it on
                  | level 10 of the Dungeon)
  8472 | D:10     | Got a slimy golden ring
  8474 | D:10     | Identified the cursed ring of the Raven {SInv Stlth-} (You
                  | found it on level 10 of the Dungeon)
  8943 | Lair:1   | Entered Level 1 of the Lair of Beasts
  9211 | Lair:1   | Reached skill level 11 in Maces & Flails
  9763 | Lair:2   | Found a staircase to the Swamp.
 10041 | Lair:2   | Gained mutation: You are hated by all. [Ru sacrifice]
 10045 | Lair:2   | Noticed a four-headed hydra
 10051 | Lair:2   | Killed a four-headed hydra
 10076 | Lair:2   | Lost mutation: You are agile. (Dex +2) [potion of mutation]
 10076 | Lair:2   | Lost mutation: Your body sometimes deteriorates upon taking
                  | damage. [potion of mutation]
 10076 | Lair:2   | Gained mutation: Scrolls take you a little longer to read.
                  | [potion of mutation]
 10076 | Lair:2   | Gained mutation: You are dopey. (Int -2) [potion of
                  | mutation]
 10076 | Lair:2   | Gained mutation: Your flesh is heat resistant. (rF+)
                  | [potion of mutation]
 10077 | Lair:2   | Lost mutation: You are dopey. (Int -2) [potion of mutation]
 10077 | Lair:2   | Lost mutation: Scrolls take you a little longer to read.
                  | [potion of mutation]
 10077 | Lair:2   | Lost mutation: Your flesh is heat resistant. (rF+) [potion
                  | of mutation]
 10077 | Lair:2   | Gained mutation: Your spells are a little harder to cast,
                  | but a little more powerful. [potion of mutation]
 10077 | Lair:2   | Gained mutation: You have a pair of large horns on your
                  | head. [potion of mutation]
 10162 | Lair:2   | Noticed an oklob plant
 10166 | Lair:2   | Reached XP level 12. HP: 76/97 MP: 12/12
 10210 | Lair:2   | Splashed by an oklob plant's acid

Skill      XL: |  1  2  3  4  5  6  7  8  9 10 11 |
---------------+----------------------------------+-----
Maces & Flails | 2 3 4 5 6 8 9 11 | 11.9
Shields        | 3 4 5 6 7 |  7.0
Armour         | 3 4 5 6 7 0 |  0.0
Dodging        | 1 2 3 4 0 |  0.0
Fighting       | 4 5 6 8 9 |  9.8

Action                   |  1- 3 |  4- 6 |  7- 9 | 10-12 || total
-------------------------+-------+-------+-------+-------++-------
Melee: Flail             |   157 |   113 |    33 |       ||   303
       Headbutt          |    17 |    19 |    68 |    74 ||   178
       Whip              |       |       |    95 |       ||    95
       Morningstar       |       |       |    56 |       ||    56
       Dire flail        |       |       |    55 |   288 ||   343
Invok: Sacrifice Arcana  |       |     1 |       |       ||     1
       Sacrifice Nimblen |       |       |     1 |       ||     1
       Sacrifice Stealth |       |       |       |     1 ||     1
       Sacrifice Love    |       |       |       |     1 ||     1
       Sacrifice Durabil |       |       |       |     1 ||     1
 Abil: Evoke Flight      |       |       |       |     1 ||     1
  Use: Scroll            |       |     5 |     8 |    10 ||    23
       Potion            |       |     4 |     2 |     3 ||     9
 Stab: Distracted        |       |       |     1 |     1 ||     2
       Invisible         |       |       |       |     1 ||     1
  Eat: Chunk             |     2 |     5 |     6 |    11 ||    24
       Ration            |       |       |     1 |     2 ||     3
Armor: Ring mail         |    53 |    20 |       |       ||    73
       Scale mail        |     4 |    16 |    44 |     4 ||    68
       Chain mail        |       |       |       |    59 ||    59
       Robe              |       |       |       |     2 ||     2
Dodge: Dodged            |    37 |    32 |    78 |    91 ||   238
Block: Medium shield     |    81 |    61 |   101 |       ||   243
